 Dungeon Crawl Stone Soup version 0.19-a0-1655-gdd95918 (webtiles) character file.

599 TheGoonsmith the Ruffian (level 7, 59/59 HPs)
             Began as a Minotaur Berserker on Sept 20, 2016.
             Was a Priest of Trog.
             Quit the game on level 4 of the Dungeon.
             The game lasted 00:04:57 (3120 turns).

TheGoonsmith the Ruffian (Minotaur Berserker)       Turns: 3120, Time: 00:04:57

Health: 59/59      AC:  8    Str: 22    XL:     7   Next: 17%
Magic:  6/6        EV:  8    Int:  4    God:    Trog [***...]
Gold:   129        SH:  4    Dex: 11    Spells: 0 memorised, 6 levels left

rFire  . . .     SeeInvis .     a - +0 mace
rCold  . . .     Gourm    .     y - +0 chain mail
rNeg   . . .     Faith    .     p - +0 buckler
rPois  .         Spirit   .     (helmet restricted)
rElec  .         Dismiss  .     (no cloak)
rCorr  .         Reflect  .     (no gloves)
MR     .....     Harm     .     (no boots)
Stlth  ..........               (no amulet)
                                (no ring)
                                (no ring)

@: no status effects
A: retaliatory headbutt, horns 2
a: Berserk, Trog's Hand, Burn Spellbooks, Renounce Religion


You were on level 4 of the Dungeon.
You worshipped Trog.
Trog was most pleased with you.
You were not hungry.

You visited 1 branch of the dungeon, and saw 4 of its levels.

You collected 129 gold pieces.

Inventory:

Hand Weapons
 a - a +0 mace (weapon)
Armour
 b - a +0 animal skin
 p - a +0 buckler (worn)
 y - a +0 chain mail (worn)
Scrolls
 e - a scroll of identify {unknown}
 k - 4 scrolls of remove curse {unknown}
 q - 5 scrolls of enchant armour {unknown}
 t - 2 scrolls of fog {unknown}
 u - a scroll of magic mapping {unknown}
 w - 2 scrolls of enchant weapon {unknown}
 C - 4 scrolls of blinking {unknown}
 D - a scroll of recharging {unknown}
Potions
 c - 3 potions of agility {unknown}
 d - 2 potions of heal wounds {unknown}
 f - 2 potions of cancellation {unknown}
 g - a potion of cure mutation {unknown}
 i - a potion of haste {unknown}
 m - 2 potions of curing {unknown}
 n - a potion of brilliance {unknown}
 o - a potion of degeneration {unknown}
 r - 2 potions of lignification {unknown}
 v - 2 potions of magic {unknown}
 x - a potion of flight {unknown}
 z - a potion of mutation {unknown}
 A - a potion of beneficial mutation {unknown}
 B - a potion of invisibility {unknown}
Comestibles
 h - 2 bread rations
 j - a beef jerky
 l - 2 meat rations
 s - 5 fruits


   Skills:
 - Level 4.0 Fighting
 - Level 5.0 Maces & Flails
 - Level 2.3 Throwing
 - Level 2.4 Armour
 - Level 2.1 Dodging
 + Level 1.0 Stealth
 - Level 4.3 Shields
 - Level 5.2 Unarmed Combat


You had 6 spell levels left.
You didn't know any spells.

Dungeon Overview and Level Annotations

Branches:
Dungeon (4/15)
 Temple: D:4-7

Altars:
Nemelex Xobeh
Uskayaw
Yredelemnul


Innate Abilities, Weirdness & Mutations

You reflexively headbutt those who attack you in melee.
You have a pair of horns on your head.


Message History

D - a scroll labeled CELES WEUNLILI You found a teleport trap!
You now have 129 gold pieces (gained 3).
C - 4 scrolls labeled HOPPUM NUVA (gained 3)
A bullfrog skeleton comes into view.
A bullfrog skeleton is nearby!
A bullfrog skeleton is nearby!
The bullfrog skeleton hits you but does no damage. x2
You sock the bullfrog skeleton!
The bullfrog skeleton is moderately damaged.
The bullfrog skeleton hits you but does no damage.
You hit the bullfrog skeleton. You headbutt the bullfrog skeleton.
The bullfrog skeleton is severely damaged.
The bullfrog skeleton barely misses you.
The bullfrog skeleton hits you but does no damage.
You sock the bullfrog skeleton!
You destroy the bullfrog skeleton!
Trog accepts your kill.
Your Stealth skill increases to level 1!
Are you sure you want to abandon this character and quit the game? (Confirm with "yes".)

######## #......#
#......#
###########......#
.......@.........#
###########......#
#......# #......#
###.#### #.#
#######.##
..###....#...#
.##.....^.......#


There were no monsters in sight!

Vanquished Creatures
  Grinder (D:3)
  An orc priest (D:3)
  A bullfrog skeleton (D:4)
  Terence (D:3)
  Natasha (thrice) (D:2)
  An orc wizard (D:3)
  Ijyb (D:2)
  Robin (D:2)
  A gnoll (D:1)
  8 adders
  2 oozes (D:1)
  An adder skeleton (D:3)
  2 worms (D:3)
  4 dart slugs
  A leopard gecko (D:2)
  6 orcs (D:3)
  A giant cockroach (D:1)
  15 goblins
  10 hobgoblins
  2 quokkas (D:2)
  7 bats
  8 frilled lizards
  3 kobolds
  6 rats
  A spectral orc (D:3)
88 creatures vanquished.

Notes
Turn   | Place    | Note
-------+----------+-------------------------------------------
     0 | D:1      | TheGoonsmith the Minotaur Berserker began the quest for the Orb.
     0 | D:1      | Reached XP level 1. HP: 19/19 MP: 0/0
    16 | D:1      | Reached XP level 2. HP: 26/26 MP: 1/1
   319 | D:1      | Reached skill level 5 in Maces & Flails
   381 | D:1      | Reached XP level 3. HP: 33/33 MP: 2/2
   618 | D:1      | Reached ** piety under Trog
   760 | D:2      | Reached skill level 1 in Throwing
   910 | D:2      | Noticed Natasha
   915 | D:2      | Killed Natasha
   915 | D:2      | Reached XP level 4. HP: 16/40 MP: 3/3
  1170 | D:2      | Noticed Natasha
  1176 | D:2      | Killed Natasha
  1456 | D:2      | Noticed Ijyb
  1466 | D:2      | Killed Ijyb
  1466 | D:2      | Reached XP level 5. HP: 31/46 MP: 4/4
  1679 | D:2      | Found a sparkling altar of Nemelex Xobeh.
  1781 | D:2      | Noticed Natasha
  1787 | D:2      | Killed Natasha
  2084 | D:2      | Noticed Robin
  2092 | D:2      | Killed Robin
  2092 | D:2      | Reached skill level 1 in Unarmed Combat
  2355 | D:3      | Found a basalt altar of Yredelemnul.
  2424 | D:3      | Noticed Terence
  2431 | D:3      | Killed Terence
  2431 | D:3      | Reached XP level 6. HP: 52/52 MP: 5/5
  2812 | D:3      | Noticed Grinder
  2825 | D:3      | Killed Grinder
  2825 | D:3      | Reached skill level 5 in Unarmed Combat
  2825 | D:3      | Reached XP level 7. HP: 59/59 MP: 6/6
  2836 | D:3      | Reached *** piety under Trog
  2979 | D:3      | Found a hide-covered altar of Uskayaw.
  3119 | D:4      | Reached skill level 1 in Stealth
  3120 | D:4      | Quit the game

Vault maps used:
D:1:      dpeg_arrival_shelter
D:2:      nemelex_xobeh_ov_fountains_minmay, uniq_robin, uniq_natasha, uniq_iyjb
D:3:      yredelemnul_forgotten_temple_becter, old_standard_altar, first_bread,
          uniq_terence, uniq_grinder
D:4:      uniq_sigmund

Skill      XL: |  1  2  3  4  5  6  7 |
---------------+----------------------+-----
Maces & Flails | 4 5 |  5.0
Fighting       | 4 |  4.0
Throwing       | 2 |  2.3
Shields        | 3 4 |  4.3
Unarmed Combat | 2 5 |  5.2
Stealth        | 1 |  1.0
Armour         | |  2.4
Dodging        | |  2.1

Action                   |  1- 3 |  4- 6 |  7- 9 || total
-------------------------+-------+-------+-------++-------
Melee: Mace              |    54 |   111 |    24 ||   189
       Headbutt          |     6 |    14 |     7 ||    27
Invok: Berserk           |     1 |     4 |       ||     5
       Trog's Hand       |       |     2 |       ||     2
 Stab: Distracted        |       |     1 |       ||     1
       Sleeping          |       |     1 |       ||     1
  Eat: Bread ration      |       |     1 |       ||     1
       Chunk             |       |     5 |     2 ||     7
       Pizza             |       |     1 |       ||     1
Armor: Animal skin       |    12 |    12 |     5 ||    29
       Chain mail        |       |       |    10 ||    10
Dodge: Dodged            |    38 |    61 |     7 ||   106
Block: Buckler           |       |    16 |     5 ||    21
